 Dungeon Crawl Stone Soup version 0.27-a0-1177-g245c70e1c0 (webtiles) character file.

Game seed: 14326916175282269958

4423 freelancePsychic the Disciple of Destruction (level 10, -3/72 HPs)
             Began as a Djinni Wanderer on May 16, 2021.
             Was a Follower of Makhleb.
             Slain by a freezing wraith (6 damage)
             ... on level 9 of the Dungeon.
             The game lasted 00:28:10 (11869 turns).

freelancePsychic (DjWn)                            Turns: 11869, Time: 00:28:11

Health: -3/72      AC:  5    Str: 12    XL:     10   Next: 62%
Gold:   497        EV: 11    Int: 22    God:    Makhleb [*.....] SH:  0 Dex: 13

rFire    + + .     SeeInvis .   b - +3 dagger (elec)
rCold    . . .     Faith    .   (no shield)
rNeg     . . .     Spirit   .   B - +0 steam dragon scales
rPois    ∞         Reflect  .   (no helmet)
rElec    .         Harm     .   (no cloak)
rCorr    .         Rampage  .   (no gloves)
Will     +....                  (boots unavailable)
Stlth    ++........             (no amulet)
HPRegen  0.22/turn              m - +6 ring of intelligence
MPRegen  0.00/turn              e - ring of protection from cold

@: flying, slowed, very slow
A: sickness immunity, fire resistance 2, cold vulnerability 1, float, innate
caster, hp casting, extra vitality 1
a: Renounce Religion


You were on level 9 of the Dungeon.
You worshipped Makhleb.
Makhleb was aware of your devotion.
You visited 2 branches of the dungeon, and saw 11 of its levels.

You collected 557 gold pieces.
You spent 60 gold pieces at shops.

Inventory:

Hand Weapons
 a - a +0 hand crossbow
 b - a +3 dagger of electrocution (weapon)
Missiles
 x - 31 bolts
Armour
 c - a +1 leather armour
 l - a +0 kite shield
 r - a +0 plate armour
 v - a +0 buckler
 B - +0 steam dragon scales (worn)
Jewellery
 e - a ring of protection from cold (right hand)
 m - a +6 ring of intelligence (left hand)
 n - a +6 ring of dexterity
 p - a ring of willpower
 t - a +6 ring of intelligence
 w - a +4 ring of evasion
 C - an amulet of guardian spirit
Wands
 j - a wand of polymorph (4)
 k - a wand of flame (18)
 o - a wand of acid (18)
Scrolls
 h - 2 scrolls of torment
 s - 4 scrolls of amnesia
 y - a scroll of enchant armour
Potions
 d - 2 potions of lignification
 f - a potion of magic
 g - 2 potions of flight
 i - a potion of attraction
 q - a potion of cancellation {unknown}
 z - a potion of haste {@q3}
 A - a potion of curing {@q1}


   Skills:
 + Level 6.2 Fighting
 - Level 6.7 Short Blades
 - Level 1.0 Staves
 - Level 1.1 Dodging
 - Level 2.4 Stealth
 - Level 6.1 Spellcasting
 * Level 8.3 Invocations
 - Level 1.0 Evocations


You had 12 spell levels left.
You knew the following spells:

 Your Spells              Type           Power      Damage    Failure   Level
a - Animate Skeleton      Necr           66%        N/A       1%          1
b - Blink                 Tloc           N/A        N/A       1%          2
c - Confusing Touch       Hex            33%        N/A       2%          3
d - Inner Flame           Hex/Fire       33%        N/A       2%          3
Your spell library was empty.

Dungeon Overview and Level Annotations

Branches:
Dungeon (10/15)            Temple (1/1) D:5            Lair (0/6) D:8
    Orc: D:9-12

Altars:
Ashenzari
Cheibriados
Dithmenos
Elyvilon
Fedhas
Gozag
Hepliaklqana
Kikubaaqudgha
Makhleb
Okawaru
Ru
Sif Muna
Uskayaw
Vehumet
Wu Jian
Xom
Yredelemnul
Zin
The Shining One

Shops:
D:6 *

Annotations:
D:2 Natasha


Innate Abilities, Weirdness & Mutations

You are immune to sickness and miasma.
You are immune to poison.
Your flesh is very heat resistant. (rF++)
You are vulnerable to cold. (rC-)
You float through the air rather than walking.
You learn spells naturally, not from books.
Your magical power is your life essence.
You have superior vitality. (+4 HP)


Message History

You reach down and open the door.
There is an open door here.
Found a scroll of vulnerability.
Found a stone staircase leading down.
A steam dragon comes into view.
There is an open door here.
A freezing wraith comes into view.
Found a whip.
You remove your ring of willpower.
e - a ring of protection from cold (right hand)
Casting: Confusing Touch (mildly dangerous; 2% risk of failure)
Confirm with . or Enter, or press ? or * to list all spells.
Your hands begin to glow red.
The freezing wraith hits you but does no damage.
The freezing wraith barely misses you.
You barely miss the freezing wraith. The freezing wraith hits you!
The freezing wraith freezes you! The freezing wraith barely misses you.
You barely miss the freezing wraith.
You hit the freezing wraith but do no damage.
The freezing wraith hits you. The freezing wraith freezes you!
The freezing wraith barely misses you.
You closely miss the freezing wraith. The freezing wraith hits you.
The freezing wraith freezes you!!
* * * LOW HITPOINT WARNING * * *
The freezing wraith hits you.
* * * LOW HITPOINT WARNING * * *
The freezing wraith drains your vigour!
You feel yourself slow down.
The freezing wraith completely misses you.
The freezing wraith hits you.
* * * LOW HITPOINT WARNING * * *
The freezing wraith drains your vigour!
You feel as though you will be slow longer.
There is an open door here.
Okay, then.
The freezing wraith hits you but does no damage.
The freezing wraith misses you.
Your hands stop glowing.
The freezing wraith barely misses you. The freezing wraith hits you.
You die...

**,,,#......#...#...#####,,,,#...
,*,,,########...#.......#,,,,#...
,*,,,*,,,.......#.......#,,,,#...
,*,,,*,,,.......#.......########'
,*****,,,.......#,......#........
,+,,,*,,,.......##+##...#........
,*,,,*,,,...........#............
,*,,,*******#.......#.......#....
,**+**,,,,,,#...@W..'...##'##....
,*,,,*,,,,,,#.......#...#...#....
,*,,,*,,,,,,#.....).#...#...#....
,*,,,*,,,,,,#.......#...#...#....
**,,**,,,,,,#####...#####...#....
,,,,*,,,,,,,,,,,.....,,,#...#####
,,,,*,,,,,,,,,,.......,,*,...#...
,,,,*,,,,,,,,,..........#,,,,#...
,,,,*,,,,,,,,,,,,,,.....#,,,,#...


You could see a freezing wraith.

Vanquished Creatures
  Pikel (D:7)
  Grinder (D:4)
  Sigmund (D:4)
  3 steam dragons
  Menkaure (D:4)
  3 wargs (D:8)
  Duvessa (D:5)
  3 water moccasins
  3 ice beasts
  3 black bears
  2 necrophages
  3 ogres
  A centaur (D:7)
  4 lemures (D:7)
  4 bullfrogs
  2 scorpions (D:7)
  A wyvern zombie (D:8)
  Dowan (D:5)
  A howler monkey (D:9)
  An electric eel (D:8)
  2 centaur zombies
  A jelly (D:5)
  3 centaur skeletons
  An orc priest (D:8)
  3 iguanas
  An iron imp (D:8)
  Jessica (D:2)
  Natasha (D:2)
  4 orc wizards
  A hound skeleton (D:4)
  5 gnolls
  10 adders
  A howler monkey skeleton (D:7)
  3 white imps
  An adder skeleton (D:4)
  3 worms
  12 orcs
  6 ball pythons
  4 endoplasms
  4 giant cockroaches
  6 goblins
  9 hobgoblins
  4 jackals (D:1)
  4 quokkas
  3 bats
  3 frilled lizards
  6 kobolds
  2 rats (D:3)
144 creatures vanquished.

Notes
Turn   | Place    | Note
-------+----------+-------------------------------------------
     0 | D:1      | freelancePsychic the Djinni Wanderer began the quest for
                  | the Orb.
     0 | D:1      | Reached XP level 1. HP: 20/20 MP: 0/0
     6 | D:1      | Noticed an electric eel
     7 | D:1      | Noticed an electric eel
   236 | D:1      | Reached XP level 2. HP: 17/25 MP: 0/0
   602 | D:1      | Reached skill level 1 in Spellcasting
   952 | D:1      | Reached XP level 3. HP: 30/30 MP: 0/0
   952 | D:1      | Learned a level 1 spell: Animate Skeleton
  1235 | D:2      | Found a faded altar of an unknown god.
  1370 | D:2      | Noticed Jessica
  1373 | D:2      | Killed Jessica
  1374 | D:2      | Reached XP level 4. HP: 35/35 MP: 0/0
  1775 | D:2      | Noticed Natasha
  1989 | D:2      | Killed Natasha
  1990 | D:2      | Reached XP level 5. HP: 41/41 MP: 0/0
  1990 | D:2      | Learned a level 2 spell: Blink
  2126 | D:2      | Noticed Natasha
  2307 | D:3      | Found a shimmering altar of Xom.
  2662 | D:4      | Noticed Sigmund
  2673 | D:4      | Killed Sigmund
  2674 | D:4      | Reached XP level 6. HP: 28/48 MP: 0/0
  2690 | D:4      | Noticed Grinder
  2852 | D:4      | Killed Grinder
  2853 | D:4      | Reached XP level 7. HP: 53/53 MP: 0/0
  2853 | D:4      | Learned a level 3 spell: Confusing Touch
  3241 | D:5      | Entered Level 5 of the Dungeon
  3364 | D:5      | Reached skill level 5 in Fighting
  3538 | D:5      | Reached XP level 8. HP: 56/59 MP: 0/0
  4358 | D:4      | Noticed Menkaure
  4365 | D:4      | Killed Menkaure
  4366 | D:4      | Reached skill level 5 in Spellcasting
  4419 | D:4      | Found a burning altar of Makhleb.
  4425 | D:4      | Became a worshipper of Makhleb the Destroyer
  4617 | D:4      | Reached XP level 9. HP: 53/66 MP: 0/0
  4617 | D:4      | Learned a level 3 spell: Inner Flame
  4659 | D:4      | Reached skill level 1 in Invocations
  5040 | D:5      | Found a staircase to the Ecumenical Temple.
  5049 | D:5      | Noticed Dowan
  5066 | D:5      | Killed Dowan
  5068 | D:5      | Noticed Duvessa
  5071 | Temple   | Entered the Ecumenical Temple
  5397 | D:5      | Killed Duvessa
  5398 | D:5      | Reached skill level 2 in Invocations
  6335 | D:6      | Found Sywiv's Assorted Antiques.
  6343 | D:6      | Bought a scroll labelled UHA QITREAGAET for 30 gold pieces
  6343 | D:6      | Bought a scroll labelled YQAXA FAESUE for 30 gold pieces
  6356 | D:6      | Reached skill level 3 in Invocations
  6649 | D:6      | Reached skill level 5 in Short Blades
  6717 | D:6      | Reached skill level 4 in Invocations
  7482 | D:6      | Found Sywiv's Assorted Antiques.
  8394 | D:7      | Noticed Pikel
  8755 | D:7      | Killed Pikel
  8756 | D:7      | Reached skill level 6 in Invocations
  8756 | D:7      | Reached XP level 10. HP: 49/72 MP: 0/0
  8988 | D:7      | Reached * piety under Makhleb
  9685 | D:8      | Reached skill level 7 in Invocations
  9750 | D:8      | Found a glowing golden altar of the Shining One.
  9840 | D:8      | Found a shadowy altar of Dithmenos.
  9843 | D:8      | Found an ornate altar of the Wu Jian Council.
 10152 | D:8      | Found a staircase to the Lair.
 10535 | D:8      | Reached skill level 8 in Invocations
 10616 | D:8      | You are sucked into a shaft and drop 2 floors!
 10616 | D:10     | Entered Level 10 of the Dungeon
 10912 | D:10     | Noticed a two-headed ogre
 11037 | D:9      | Noticed a cyan ugly thing
 11038 | D:9      | Noticed a manticore
 11261 | D:8      | Found a snail-covered altar of Cheibriados.
 11852 | D:9      | Noticed a freezing wraith
 11862 | D:9      | HP: 3/72 [freezing wraith (6)]
 11869 | D:9      | Slain by a freezing wraith

Illustrated notes

Levels and vault maps discovered:
D:1:      arrival_aquarium_b, layout_basic, minmay_bisected
D:2:      layout_basic, ebering_ecumenical_altar_ruins, uniq_jessica,
          uniq_natasha
D:3:      layout_rooms, xom_teletrap_fun, lemuel_coloured_pillars_altar
D:4:      layout_cave_pools, makhleb_blood_cavern_becter, uniq_sigmund,
          uniq_menkaure, uniq_grinder
D:5:      layout_loops_corners, minmay_temple_entry_mini_moons, uniq_duvessa
D:6:      layout_layer_cave, lemuel_tele_altar, serial_shops,
          nicolae_shop_waterfront
D:7:      wad_guarded_room, layout_cave_pools, general_overflow_altar,
          uniq_pikel
D:8:      layout_rooms, chei_slow_surprise, tso_oasis_becter, minitemple,
          erik_lair_orcish_takeover, kennysheep_path_1
D:9:      minmay_bloctagon_deflated, layout_grid_maze,
          nemelex_diamond_rough_becter, nicolae_qazlal_style_of_elements,
          minmay_variable_closet, uniq_gastronok
D:10:     layout_layer_cave
Temple:   zaba_magenta_temple

Skill      XL: |  1  2  3  4  5  6  7  8  9 10 |
---------------+-------------------------------+-----
Spellcasting   | 1 2 3 4 5 6 |  6.1
Short Blades   | 2 3 4 5 6 |  6.7
Fighting       | 4 5 6 |  6.2
Invocations    | 6 8 |  8.3
Staves         | |  1.0
Dodging        | |  1.1
Stealth        | |  2.4
Evocations     | |  1.0

Action                   |  1- 3 |  4- 6 |  7- 9 | 10-12 || total
-------------------------+-------+-------+-------+-------++-------
Melee: Dagger            |    78 |    62 |   162 |   176 ||   478
 Fire: Hand crossbow     |    16 |    52 |    87 |     1 ||   156
Throw: Throwing net      |     5 |       |       |       ||     5
 Cast: Blink             |       |     5 |     4 |       ||     9
       Confusing Touch   |       |       |    20 |    14 ||    34
       Inner Flame       |       |       |     8 |     2 ||    10
  Use: Scroll            |       |     3 |     6 |     4 ||    13
       Potion            |       |     2 |     1 |     2 ||     5
 Stab: Sleeping          |     3 |     3 |     2 |     3 ||    11
       Held in net/web   |     1 |       |       |       ||     1
       Confused          |       |       |     9 |     8 ||    17
Armor: Leather armour    |    19 |    17 |    32 |    15 ||    83
       Skin              |       |       |     2 |       ||     2
       Steam dragon scal |       |       |       |    23 ||    23
Dodge: Dodged            |    31 |    46 |    78 |    70 ||   225

Table legend: (Time is in decaauts)
 A = Elapsed time spent in this place.
 B = Non-inter-level travel time spent in this place.
 C = Inter-level travel time spent in this place.
 D = Time resting spent in this place.
 E = Time spent auto-exploring this place.
 F = Levels seen in this place.
 G = Mean time per level.
                   A        B        C        D        E       F      G
               +--------+--------+--------+--------+--------+-----+--------+
         Total |  11825 |  11627 |    198 |   2619 |   6866 |  11 | 1075.0 |
       Dungeon |  11529 |  11331 |    198 |   2397 |   6812 |  10 | 1152.9 |
        Temple |    295 |    295 |      0 |    222 |     54 |   1 |  295.0 |
               +--------+--------+--------+--------+--------+-----+--------+

Top non-repeatable levels by time:
     D:6: 2867 daAuts
     D:8: 1787 daAuts
     D:5: 1525 daAuts
     D:4: 1275 daAuts
     D:1: 1194 daAuts
     D:2: 928 daAuts
     D:7: 851 daAuts
     D:3: 537 daAuts
    D:10: 359 daAuts
  Temple: 295 daAuts
     D:9: 203 daAuts
